[ AOE2 MATCH · #504889917 ]
UnrankedRomans vs Mongols
Player's team · LOSS
Rival team · WIN
[ REPLAY ANALYSIS · EXTRACTED FROM THE RECORDED GAME ]
Feudal
8:28
Castle
23:03
Imperial
34:25
| APM avg | 61.4 |
| APM peak | 105 |
| eAPM avg | 23.9 |
| Villagers / military | 134 / 115 |
Focus
⚔️ 37.8% · 🌾 62.2%
Skirmisher ×53 · Archer ×24 · Mangonel ×17 · Monk ×12 · Trebuchet (Packed) ×5 · Scout Cavalry ×4
Feudal
10:32
Castle
14:27
Imperial
33:55
| APM avg | 49.3 |
| APM peak | 104 |
| eAPM avg | 27.3 |
| Villagers / military | 177 / 74 |
Focus
⚔️ 22.6% · 🌾 77.4%
Mangudai ×33 · Mangonel ×22 · Scout Cavalry ×13 · Monk ×3 · Trebuchet (Packed) ×3
Match map
Initial resources + every placement click. Lines = walls · curves = elevation contours. ◆ gold · ⬟ stone · ● berries · ✦ relic · ◌ wall gap
Your base· ✓ Closed at 23:03 · 3t walls · 2 gate(s)
AGS.Eratuss's base· ✓ Closed at 14:27 · 7t walls · 2 gate(s)
Smoothed initial terrain · ◌ = detected wall gap · hover for details
Inputs per minute
— UL_King_Kerotaros - - AGS.Eratuss
Build order — UL_King_Kerotaros
First 150 of 463 actions detected
| 0:03 | Create | Villager (Male) |
| 0:05 | Build | House |
| 0:06 | Build | House |
| 0:18 | Create | Villager (Male) |
| 0:24 | Create | Villager (Male) |
| 0:30 | Create | Villager (Male) |
| 1:38 | Build | Lumber Camp |
| 1:41 | Create | Villager (Male) |
| 1:42 | Create | Villager (Male) |
| 1:42 | Create | Villager (Male) |
| 2:17 | Build | House |
| 2:26 | Create | Villager (Male) |
| 2:27 | Create | Villager (Male) |
| 2:27 | Create | Villager (Male) |
| 3:14 | Create | Villager (Male) |
| 3:20 | Create | Villager (Male) |
| 3:57 | Create | Villager (Male) |
| 4:22 | Build | Mining Camp |
| 4:25 | Create | Villager (Male) |
| 4:25 | Create | Villager (Male) |
| 4:30 | Create | Villager (Male) |
| 4:31 | Create | Villager (Male) |
| 4:53 | Create | Villager (Male) |
| 5:33 | Create | Villager (Male) |
| 6:17 | Research | Feudal Age |
| 7:35 | Build | House |
| 7:51 | Build | House |
| 8:18 | Build | Mining Camp |
| 8:28 | Build | Palisade Wall |
| 8:28 | Age | Feudal Age |
| 8:29 | Build | Palisade Wall |
| 8:30 | Build | Palisade Wall |
| 8:33 | Build | Watch Tower |
| 8:34 | Create | Villager (Male) |
| 8:37 | Research | Double-Bit Axe |
| 8:37 | Research | Double-Bit Axe |
| 8:47 | Build | Barracks |
| 8:52 | Research | Loom |
| 9:10 | Create | Villager (Male) |
| 9:28 | Create | Villager (Male) |
| 9:35 | Build | House |
| 9:56 | Create | Villager (Male) |
| 10:02 | Build | Archery Range |
| 10:11 | Research | Town Watch |
| 10:40 | Create | Villager (Male) |
| 10:56 | Build | Watch Tower |
| 10:58 | Create | Archer |
| 10:58 | Create | Archer |
| 11:01 | Create | Villager (Male) |
| 11:10 | Build | Mill |
| 11:18 | Create | Villager (Male) |
| 11:49 | Build | Blacksmith |
| 11:52 | Create | Villager (Male) |
| 12:08 | Create | Archer |
| 12:20 | Build | Farm |
| 12:28 | Create | Villager (Male) |
| 12:29 | Create | Villager (Male) |
| 12:45 | Create | Archer |
| 12:50 | Build | Outpost |
| 13:00 | Build | Farm |
| 13:02 | Build | Farm |
| 13:17 | Create | Villager (Male) |
| 13:23 | Build | Farm |
| 13:25 | Create | Archer |
| 13:26 | Create | Archer |
| 13:46 | Build | Outpost |
| 13:47 | Create | Villager (Male) |
| 13:49 | Create | Archer |
| 13:50 | Create | Villager (Male) |
| 13:55 | Build | Farm |
| 14:08 | Build | Watch Tower |
| 14:17 | Build | House |
| 14:18 | Build | House |
| 14:20 | Create | Villager (Male) |
| 14:26 | Research | Fletching |
| 14:26 | Research | Fletching |
| 14:54 | Create | Villager (Male) |
| 14:58 | Create | Villager (Male) |
| 15:03 | Build | Farm |
| 15:18 | Create | Villager (Male) |
| 15:21 | Build | Farm |
| 15:25 | Build | House |
| 15:26 | Build | House |
| 15:43 | Build | Mining Camp |
| 15:57 | Create | Villager (Male) |
| 16:01 | Build | Farm |
| 16:02 | Build | Farm |
| 16:13 | Research | Horse Collar |
| 16:14 | Research | Horse Collar |
| 16:32 | Build | House |
| 16:34 | Build | House |
| 16:36 | Create | Villager (Male) |
| 17:07 | Create | Villager (Male) |
| 17:14 | Build | Farm |
| 17:15 | Build | Farm |
| 17:20 | Build | House |
| 17:24 | Create | Villager (Male) |
| 17:32 | Create | Archer |
| 17:50 | Build | Watch Tower |
| 17:54 | Create | Villager (Male) |
| 17:56 | Build | Farm |
| 18:20 | Create | Villager (Male) |
| 18:26 | Create | Archer |
| 18:29 | Create | Villager (Male) |
| 18:44 | Build | Watch Tower |
| 18:48 | Build | Watch Tower |
| 18:58 | Create | Villager (Male) |
| 19:16 | Build | Farm |
| 19:16 | Build | Farm |
| 19:17 | Build | Farm |
| 19:17 | Build | Farm |
| 19:17 | Build | Farm |
| 19:17 | Build | Farm |
| 19:18 | Build | Farm |
| 19:44 | Create | Villager (Male) |
| 19:52 | Build | Watch Tower |
| 20:02 | Build | Stable |
| 20:23 | Research | Castle Age |
| 20:23 | Research | Castle Age |
| 20:26 | Create | Archer |
| 20:48 | Create | Scout Cavalry |
| 20:48 | Create | Scout Cavalry |
| 20:55 | Build | Watch Tower |
| 21:07 | Build | House |
| 21:07 | Build | House |
| 21:29 | Research | Scale Barding Armor |
| 21:29 | Research | Scale Barding Armor |
| 22:20 | Create | Scout Cavalry |
| 22:46 | Build | House |
| 22:58 | Create | Villager (Male) |
| 23:03 | Age | Castle Age |
| 23:05 | Research | Bodkin Arrow |
| 23:05 | Research | Bodkin Arrow |
| 23:08 | Research | Bow Saw |
| 23:11 | Build | Town Center |
| 23:18 | Build | Siege Workshop |
| 23:24 | Create | Villager (Male) |
| 23:26 | Build | Monastery |
| 23:32 | Create | Villager (Male) |
| 23:43 | Create | Scout Cavalry |
| 23:54 | Research | Crossbowman (upgrade) |
| 23:55 | Research | Crossbowman (upgrade) |
| 24:01 | Build | House |
| 24:03 | Build | House |
| 24:06 | Create | Monk |
| 24:06 | Create | Monk |
| 24:12 | Create | Villager (Male) |
| 24:12 | Create | Villager (Male) |
| 24:19 | Build | Town Center |
| 24:36 | Build | Outpost |
Build order — AGS.Eratuss
First 150 of 392 actions detected
| 0:02 | Create | Villager (Male) |
| 0:02 | Create | Villager (Male) |
| 0:03 | Build | House |
| 0:04 | Build | House |
| 0:04 | Create | Villager (Male) |
| 0:05 | Create | Villager (Male) |
| 0:06 | Create | Villager (Male) |
| 1:32 | Create | Villager (Male) |
| 1:33 | Create | Villager (Male) |
| 1:40 | Create | Villager (Male) |
| 1:40 | Create | Villager (Male) |
| 1:51 | Build | Lumber Camp |
| 2:10 | Create | Villager (Male) |
| 2:10 | Create | Villager (Male) |
| 2:28 | Create | Villager (Male) |
| 3:21 | Create | Villager (Male) |
| 3:24 | Create | Villager (Male) |
| 3:24 | Create | Villager (Male) |
| 3:34 | Create | Villager (Male) |
| 3:34 | Create | Villager (Male) |
| 3:49 | Build | House |
| 3:49 | Build | House |
| 3:50 | Build | House |
| 3:51 | Create | Villager (Male) |
| 3:51 | Create | Villager (Male) |
| 3:52 | Create | Villager (Male) |
| 3:52 | Create | Villager (Male) |
| 4:04 | Create | Villager (Male) |
| 4:04 | Create | Villager (Male) |
| 4:46 | Create | Villager (Male) |
| 4:46 | Create | Villager (Male) |
| 4:46 | Create | Villager (Male) |
| 4:55 | Create | Villager (Male) |
| 4:55 | Create | Villager (Male) |
| 5:19 | Create | Villager (Male) |
| 5:19 | Create | Villager (Male) |
| 5:25 | Build | Mill |
| 6:45 | Build | Farm |
| 6:53 | Build | Farm |
| 7:35 | Build | Mining Camp |
| 7:59 | Research | Feudal Age |
| 8:42 | Research | Loom |
| 8:49 | Build | Mining Camp |
| 9:17 | Build | House |
| 9:28 | Build | House |
| 9:31 | Build | House |
| 9:35 | Build | House |
| 10:23 | Build | House |
| 10:32 | Age | Feudal Age |
| 10:33 | Build | Stone Wall |
| 10:35 | Create | Villager (Male) |
| 10:35 | Create | Villager (Male) |
| 10:49 | Build | Market |
| 10:59 | Build | Blacksmith |
| 11:09 | Build | Stone Wall |
| 11:11 | Create | Villager (Male) |
| 11:36 | Build | House |
| 11:45 | Research | Castle Age |
| 11:45 | Research | Castle Age |
| 11:58 | Build | Stone Wall |
| 12:18 | Build | Farm |
| 12:19 | Build | Farm |
| 12:38 | Build | Watch Tower |
| 12:38 | Create | Villager (Male) |
| 12:56 | Build | Farm |
| 13:23 | Build | Watch Tower |
| 13:23 | Create | Villager (Male) |
| 13:29 | Create | Villager (Male) |
| 13:39 | Build | House |
| 13:40 | Create | Villager (Male) |
| 13:56 | Research | Double-Bit Axe |
| 13:56 | Research | Horse Collar |
| 13:58 | Create | Villager (Male) |
| 14:27 | Age | Castle Age |
| 15:01 | Build | Siege Workshop |
| 15:06 | Create | Villager (Male) |
| 15:22 | Create | Villager (Male) |
| 15:41 | Create | Villager (Male) |
| 15:49 | Create | Mangonel |
| 15:49 | Create | Mangonel |
| 15:49 | Create | Mangonel |
| 16:02 | Create | Villager (Male) |
| 16:20 | Build | Farm |
| 16:38 | Create | Villager (Male) |
| 16:53 | Create | Mangonel |
| 16:56 | Create | Villager (Male) |
| 16:57 | Build | Farm |
| 17:16 | Build | Lumber Camp |
| 17:25 | Create | Villager (Male) |
| 17:45 | Create | Villager (Male) |
| 17:51 | Create | Villager (Male) |
| 18:05 | Create | Villager (Male) |
| 18:13 | Build | Town Center |
| 18:14 | Create | Villager (Male) |
| 18:14 | Create | Villager (Male) |
| 18:27 | Build | Farm |
| 18:52 | Create | Villager (Male) |
| 19:08 | Build | Farm |
| 19:09 | Build | Farm |
| 19:10 | Create | Villager (Male) |
| 19:22 | Build | House |
| 19:44 | Build | House |
| 19:46 | Build | House |
| 19:53 | Create | Villager (Male) |
| 20:10 | Build | Farm |
| 20:11 | Build | House |
| 20:12 | Create | Villager (Male) |
| 20:14 | Create | Villager (Male) |
| 20:30 | Create | Villager (Male) |
| 20:40 | Create | Villager (Male) |
| 21:01 | Create | Villager (Male) |
| 21:11 | Build | Stone Wall |
| 21:12 | Build | Stone Wall |
| 21:13 | Create | Villager (Male) |
| 21:32 | Create | Villager (Male) |
| 21:49 | Create | Villager (Male) |
| 21:52 | Build | Farm |
| 21:52 | Build | Farm |
| 21:52 | Build | Farm |
| 21:52 | Build | Farm |
| 21:52 | Build | Farm |
| 21:53 | Build | Farm |
| 21:59 | Create | Villager (Male) |
| 22:14 | Create | Villager (Male) |
| 22:32 | Create | Villager (Male) |
| 22:36 | Build | Farm |
| 22:37 | Build | Farm |
| 22:38 | Build | Farm |
| 22:50 | Create | Villager (Male) |
| 22:50 | Create | Villager (Male) |
| 22:53 | Build | Farm |
| 22:59 | Create | Villager (Male) |
| 23:13 | Create | Villager (Male) |
| 23:13 | Create | Villager (Male) |
| 23:23 | Create | Villager (Male) |
| 23:23 | Create | Villager (Male) |
| 23:31 | Create | Villager (Male) |
| 23:32 | Create | Villager (Male) |
| 23:44 | Create | Villager (Male) |
| 23:44 | Create | Villager (Male) |
| 23:44 | Create | Villager (Male) |
| 23:45 | Create | Villager (Male) |
| 23:46 | Create | Villager (Male) |
| 23:52 | Create | Villager (Male) |
| 23:52 | Create | Villager (Male) |
| 23:53 | Create | Villager (Male) |
| 23:55 | Build | Farm |
| 23:56 | Create | Villager (Male) |
| 23:56 | Create | Villager (Male) |
| 23:58 | Build | Farm |
Match timeline
| 8:28 | UL_King_Kerotaros · wall_segment Palisade Wall x1 |
| 8:28 | UL_King_Kerotaros · age_up feudal |
| 8:29 | UL_King_Kerotaros · wall_segment Palisade Wall x1 |
| 8:30 | UL_King_Kerotaros · wall_segment Palisade Wall x1 |
| 8:47 | UL_King_Kerotaros · first_building Barracks |
| 10:02 | UL_King_Kerotaros · first_building Archery Range |
| 10:32 | AGS.Eratuss · age_up feudal |
| 10:33 | AGS.Eratuss · wall_segment Stone Wall x1 |
| 11:09 | AGS.Eratuss · wall_segment Stone Wall x3 |
| 11:23 | AGS.Eratuss · first_market_sell 100 stone |
| 11:26 | AGS.Eratuss · first_market_buy 100 food |
| 11:58 | AGS.Eratuss · wall_segment Stone Wall x3 |
| 14:27 | AGS.Eratuss · age_up castle |
| 15:01 | AGS.Eratuss · first_building Siege Workshop |
| 20:02 | UL_King_Kerotaros · first_building Stable |
| 21:11 | AGS.Eratuss · wall_segment Stone Wall x1 |
| 21:12 | AGS.Eratuss · wall_segment Stone Wall x1 |
| 23:03 | UL_King_Kerotaros · age_up castle |
| 23:18 | UL_King_Kerotaros · first_building Siege Workshop |
| 23:26 | UL_King_Kerotaros · first_building Monastery |
| 24:51 | AGS.Eratuss · first_building Monastery |
| 28:20 | AGS.Eratuss · first_building Castle |
| 32:15 | AGS.Eratuss · first_building Barracks |
| 32:40 | AGS.Eratuss · first_building Stable |
| 33:55 | AGS.Eratuss · age_up imperial |
| 33:56 | UL_King_Kerotaros · first_building Castle |
| 34:25 | UL_King_Kerotaros · age_up imperial |
| 39:52 | AGS.Eratuss · first_building Archery Range |
| 43:04 | UL_King_Kerotaros · first_market_sell 100 wood |
| 44:01 | UL_King_Kerotaros · resign |
[ AI ANALYSIS · 1 CREDIT ]
What really happened in this match?
Wolo.gg analyzes every decision: build order, eco, micro, common mistakes by bracket. Personalized analysis on WhatsApp or Discord in 30 seconds.
Civ guide
Romans
Perfil
Jugador #11672694